 Dungeon Crawl Stone Soup version 0.17-a0-1636-g3119f2b (webtiles) character file.

88 Econoterrorist the Cudgeler (level 4, 0/39 HPs)
             Began as a Minotaur Fighter on Aug 6, 2015.
             Killed from afar by Ijyb (1 damage)
             ... with a wand of magic darts
             ... on level 3 of the Dungeon.
             The game lasted 00:03:25 (1661 turns).

Econoterrorist the Cudgeler (Minotaur Fighter)      Turns: 1661, Time: 00:03:25

Health: 0/39       AC:  8    Str: 20    XL:     4   Next: 29%
Magic:  3/3        EV:  7    Int:  6    God:
Gold:   121        SH:  9    Dex: 10    Spells: 0 memorised, 3 levels left

rFire  . . .     SeeInvis .     a - +0 flail
rCold  . . .     Clarity  .     b - +0 scale mail
rNeg   . . .     SustAt   .     c - +0 shield
rPois  .         Gourm    .     (helmet restricted)
rElec  .         Spirit   .     (no cloak)
rCorr  .         Warding  .     r - +0 pair of gloves
rMut   .         Stasis   .     (no boots)
MR     +....                    (no amulet)
Stlth  ..........               (no ring)
                                i - ring of protection from magic

@: somewhat resistant to hostile enchantments, extremely unstealthy
A: retaliatory headbutt, horns 2
a: no special abilities


You were on level 3 of the Dungeon.
You were hungry.

You visited 1 branch of the dungeon, and saw 3 of its levels.

You collected 121 gold pieces.

Inventory:

Hand weapons
 a - a +0 flail (weapon)
Armour
 b - a +0 scale mail (worn)
 c - a +0 shield (worn)
 r - a +0 pair of gloves (worn)
Jewellery
 i - a ring of protection from magic (left hand)
Scrolls
 f - 3 scrolls of identify {unknown}
 h - a scroll of recharging {unknown}
 l - a scroll of remove curse {unknown}
 m - a scroll of blinking {unknown}
 s - a scroll of amnesia {unknown}
Potions
 d - a potion of might
 g - a potion of ambrosia {unknown}
 j - 2 potions of curing
 o - a potion of lignification {unknown}
 p - a potion of brilliance {unknown}
 q - a potion of flight {unknown}
 t - a potion of haste {unknown}
Comestibles
 e - a bread ration
 k - 4 fruits
 n - 2 slices of pizza


   Skills:
 - Level 3.6 Fighting
 + Level 5.5 Maces & Flails
 - Level 3.6 Armour
 - Level 3.6 Shields


You had 3 spell levels left.
You didn't know any spells.

Dungeon Overview and Level Annotations

Branches:
Dungeon (3/15)

Altars:
Kikubaaqudgha

Annotations:
D:3 Ijyb


Innate Abilities, Weirdness & Mutations

You reflexively headbutt those who attack you in melee.
You have a pair of horns on your head.


Message History

The orc throws a tomahawk.
The tomahawk hits you but does no damage.
You see here a tomahawk.
You barely miss Ijyb. You headbutt Ijyb.
Ijyb is lightly wounded.
You block Ijyb's attack.
The orc throws a tomahawk.
The tomahawk hits you but does no damage.
Ijyb screams, "Die!"
Ijyb hits you.
* * * LOW HITPOINT WARNING * * *
Drink which item? (? for menu, Esc to quit)
It was a potion of curing.
You feel better.
The orc throws a tomahawk.
You block the tomahawk.
Ijyb zaps a wand.
The magic dart hits you!
* * * LOW HITPOINT WARNING * * *
You barely miss Ijyb. You headbutt Ijyb!
Ijyb is heavily wounded.
The orc throws a tomahawk.
The tomahawk hits you.
* * * LOW HITPOINT WARNING * * *
Ijyb zaps a wand.
The magic dart hits you!
You die...

##### ##...##
#####.....####
..o..........
#.........#
#.......(.# .
#...g.g.#..
...#####.@.......
#.......(.....###
#####.....####
###.........#
#.##.............#
#...<........#.#...
.............####.###.
............## .#
#..#.......##


You could see Ijyb, an orc and a goblin.

Vanquished Creatures
  Robin (D:2)
  An adder (D:2)
  An ooze (D:2)
  A worm (D:2)
  2 giant geckos
  A ball python (D:1)
  4 bats (D:1)
  11 goblins (D:2)
  11 hobgoblins
  5 jackals
  2 quokkas (D:2)
  2 giant cockroaches
  3 giant newts
  4 kobolds
  9 rats
58 creatures vanquished.

Notes
Turn   | Place    | Note
--------------------------------------------------------------
     0 | D:1      | Econoterrorist the Minotaur Fighter began the quest for the Orb.
     0 | D:1      | Reached XP level 1. HP: 19/19 MP: 0/0
    86 | D:1      | Reached XP level 2. HP: 24/26 MP: 1/1
   217 | D:1      | Reached skill level 4 in Maces & Flails
   527 | D:2      | Noticed Robin
   537 | D:2      | Reached XP level 3. HP: 27/31 MP: 2/2
   570 | D:2      | Killed Robin
   845 | D:2      | Reached skill level 5 in Maces & Flails
   854 | D:2      | Found an ancient bone altar of Kikubaaqudgha.
   971 | D:2      | Reached XP level 4. HP: 36/39 MP: 3/3
  1653 | D:3      | Noticed Ijyb
  1661 | D:3      | HP: 1/39 [orc/tomahawk (6)]
  1661 | D:3      | Killed from afar by Ijyb

Vault maps used:
D:1:      ncdulo_lavacross
D:2:      kiku_gazebo_pond_becter, uniq_robin
D:3:      nicolae_tso_carved_into_rock, uniq_iyjb

Action                   |  1- 3 |  4- 6 || total
-------------------------+-------+-------++-------
Melee: Flail             |   127 |    24 ||   151
  Use: Potion            |       |     1 ||     1
  Eat: Chunk             |       |     2 ||     2
